 Dungeon Crawl Stone Soup version 0.29.0-7-g18a832c13a (webtiles) character file.

Game seed: 9527090968879571515

102 Plorgh the Insei (level 5, -1/33 HPs)
             Began as a Kobold Monk on Aug 31, 2022.
             Slain by a river rat (4 damage)
             ... in a sewer.
             The game lasted 00:05:41 (5335 turns).

Plorgh the Insei (Kobold Monk)                      Turns: 5335, Time: 00:05:43

Health: -1/33      AC:  2    Str: 10    XL:     5   Next: 5%
Magic:  5/5        EV: 16    Int: 12    God:
Gold:   180        SH:  0    Dex: 17    Spells: 4/4 levels left

rFire   . . .      SeeInvis .     - Unarmed
rCold   . . .      Faith    .   (no shield)
rNeg    . . .      Spirit   .   a - +0 robe
rPois   .          Reflect  .   (no helmet)
rElec   .          Harm     .   (no cloak)
rCorr   .          Rampage  .   (no gloves)
Will    .....                   (no boots)
Stlth   +++.......              (no amulet)
HPRegen 0.11/turn               (no ring)
MPRegen 0.09/turn               (no ring)

@: no status effects
A: small, no large weapons, nightstalker 3
a: no special abilities


You were in a sewer.
You visited 1 branch of the dungeon, and saw 4 of its levels.
You also visited: Sewer.

You collected 180 gold pieces.

Inventory:

Armour
 a - a +0 robe (worn)
 i - a +1 buckler of positive energy
Jewellery
 h - a ring of protection from cold
Wands
 x - a wand of polymorph (5)
Scrolls
 e - a scroll of poison {unknown}
 f - a scroll of silence {unknown}
 g - 3 scrolls of identify {unknown}
 j - 2 scrolls of blinking {unknown}
 k - 2 scrolls of enchant armour {unknown}
 l - 3 scrolls of teleportation {unknown}
 p - 3 scrolls of immolation {unknown}
 s - 2 scrolls of noise {unknown}
 t - a scroll of torment {unknown}
 y - a scroll of brand weapon {unknown}
Potions
 b - a potion of ambrosia
 c - 2 potions of might {unknown}
 d - 2 potions of heal wounds {unknown}
 m - 2 potions of curing {unknown}
 n - a potion of brilliance {unknown}
 o - a potion of mutation {unknown}
 q - a potion of flight {unknown}
 r - a potion of attraction {unknown}
 u - a potion of lignification {unknown}
 v - a potion of cancellation {unknown}
 w - a potion of berserk rage {unknown}


   Skills:
 - Level 4.0 Fighting
 - Level 4.0 Dodging
 - Level 3.0 Stealth
 + Level 4.6 Unarmed Combat


You had 4 spell levels left.
You didn't know any spells.
Your spell library contained the following spells:

 Spells                   Type           Power      Damage    Failure   Level
 Blink                    Tloc           0%         N/A       45%         2
 Summon Guardian Golem    Hex/Summ       0%         N/A       69%         3
 Fireball                 Conj/Fire      0%         3d3       100%        5
 Manifold Assault         Tloc           0%         N/A       100%        5
 Starburst                Conj/Fire      0%         6d3       100%        6
 Orb of Destruction       Conj           0%         9d5       100%        7
 Spellforged Servitor     Conj/Summ      0%         N/A       100%        7
 Storm Form               Tmut/Air       0%         N/A       100%        7
 Ignition                 Fire           0%         3d3       100%        8


Dungeon Overview and Level Annotations

Branches:
Dungeon (4/15)              Sewer (1/1)
 Temple: D:4-7

Altars:
Dithmenos

Shops:
D:2 ?   D:3 :   D:4 [

Annotations:
D:2 1 runed translucent door, Crazy Yiuf


Innate Abilities, Weirdness & Mutations

You are small and have problems with some larger weapons.
You are completely attuned to the shadows.


Message History

The river rat misses you.
You hit the river rat.
The river rat is lightly wounded.
The river rat bites you. The river rat closely misses you.
Unknown command.
You barely miss the river rat.
The river rat is lightly wounded.
The rat splashes around in the water.
You hit the river rat but do no damage.
The river rat is lightly wounded.
The river rat closely misses you. The river rat completely misses you.
The rat splashes around in the water.
You hit the river rat but do no damage.
The river rat is lightly wounded.
The river rat closely misses you. x2; The rat bites you.
You hit the river rat.
The river rat is heavily wounded.
The river rat misses you. The river rat bites you. The rat misses you.
You closely miss the river rat. You punch the river rat.
The river rat is heavily wounded.
The river rat closely misses you. The river rat completely misses you.
The rat completely misses you.
You hit the river rat.
The river rat is almost dead.
The river rat bites you.
* * * LOW HITPOINT WARNING * * *
The river rat barely misses you. The rat closely misses you.
Unknown command.
You hit the river rat but do no damage.
The river rat is almost dead.
The river rat barely misses you. The river rat misses you.
The rat barely misses you.
Unknown command.
You hit the river rat but do no damage.
The river rat is almost dead.
The river rat twitches its whiskers.
The river rat bites you.
* * * LOW HITPOINT WARNING * * *
The river rat bites you.
You die...

#####
###~~~###
#.~rr~..#
##~~@r~..#
#.~~###...
##~~## ..
#~~~# ~
#~~## #~.#
#∩∩# #~~#
#~.#


You could see 2 river rats and a rat.

Vanquished Creatures
  3 adders (D:2)
  4 worms
  2 dart slugs
  6 orcs (D:3)
  6 bats
  5 endoplasms
  6 goblins
  2 hobgoblins
  6 kobolds
  3 quokkas
  4 ball pythons
  A frilled lizard (D:1)
  5 rats
53 creatures vanquished.

Notes
Turn   | Place    | Note
-------+----------+-------------------------------------------
     0 | D:1      | Plorgh the Kobold Monk began the quest for the Orb.
     0 | D:1      | Reached XP level 1. HP: 14/14 MP: 1/1
   489 | D:1      | Reached XP level 2. HP: 11/19 MP: 2/2
  1085 | D:1      | Found a faded altar of an unknown god.
  1519 | D:2      | Reached XP level 3. HP: 21/24 MP: 3/3
  1763 | D:2      | Found Ewonn's Magic Scroll Shoppe.
  2419 | D:2      | Found a runed translucent door.
  2422 | D:2      | Noticed Crazy Yiuf
  2696 | D:2      | Reached XP level 4. HP: 11/29 MP: 4/4
  4147 | D:3      | Found a shadowy altar of Dithmenos.
  4650 | D:3      | Found Vuczeh's Book Shoppe.
  4919 | D:4      | Found Atewnimm's Armour Emporium.
  4971 | D:4      | Reached XP level 5. HP: 33/33 MP: 5/5
  5058 | D:4      | Found a glowing drain.
  5069 | Sewer    | Entered a sewer
  5335 | Sewer    | Slain by a river rat

Illustrated notes

Levels and vault maps discovered:
D:1:      ncdulo_watergridlock, layout_loops_ring,
          ebering_ecumenical_altar_petrified, chequers_serial_rivers_small_3
D:2:      layout_basic, serial_shops, nicolae_shop_trees,
          uniq_crazy_yiuf_cottage
D:3:      layout_loops_corners, nicolae_dithmenos_the_darkroom, serial_shops,
          shop
D:4:      layout_loops_ring, mainiacjoe_overflow_chevrons,
          nicolae_tso_carved_into_rock, mainiacjoe_overflow_catwalk,
          minmay_temple_entry_antechambers, serial_shops,
          nicolae_shop_hallway_stairs, portal_sewer_entry_a, uniq_pikel
Sewer:    sewer_hellmonk_bad_rat

Skill      XL: |  1  2  3 |
---------------+----------+-----
Stealth        | 3 |  3.0
Dodging        | 4 |  4.0
Fighting       | 4 |  4.0
Unarmed Combat | 4 |  4.6

Action                   |  1- 3 |  4- 6 || total
-------------------------+-------+-------++-------
Melee: Unarmed           |   114 |   108 ||   222
       Punch             |     2 |     2 ||     4
  Use: Potion            |     1 |       ||     1
 Stab: Sleeping          |    13 |     8 ||    21
Armor: Robe              |     7 |    11 ||    18
Dodge: Dodged            |    82 |    93 ||   175
